 Dungeon Crawl Stone Soup version 0.31-a0-521-gc7390f8997 (webtiles) character file.

Game seed: 12094764877163646812

1251 roflturtle the Conjurer (level 8, 0/46 HPs)
             Began as a Tengu Fire Elementalist on Aug 10, 2023.
             Was an Initiate of Vehumet.
             Shot with an arrow by a centaur (8 damage)
             ... on level 6 of the Dungeon.
             The game lasted 00:22:57 (5721 turns).

roflturtle the Conjurer (Tengu Fire Elementalist)   Turns: 5721, Time: 00:22:57

Health: 0/46       AC:  4    Str:  7 (8)  XL:     8   Next: 51%
Magic:  11/15      EV: 15    Int: 17 (18) God:    Vehumet [......]
Gold:   284        SH:  0    Dex: 13 (15) Spells: 6/15 levels left

rFire   . . .        n - +2 short sword (elec)
rCold   . . .        (no shield)
rNeg    . . .        a - +0 robe
rPois   .            (helmet restricted)
rElec   .            o - +0 cloak
rCorr   .            j - +0 pair of gloves
SInv    +            (boots unavailable)
Will    .....        (no amulet)
Stlth   ++           h - ring of see invisible
HPRegen 0.27/turn    (no ring)
MPRegen 0.14/turn

%: no passive effects
@: lethally poisoned (0 -> -3), flying quickly and evasively, quick
A: beak, talons 3, nimble flight
a: Renounce Religion


You were on level 6 of the Dungeon.
You worshipped Vehumet.
Vehumet was noncommittal.
You visited 2 branches of the dungeon, and saw 7 of its levels.

You collected 284 gold pieces.

Inventory:

Hand Weapons
 n - a +2 short sword of electrocution (weapon)
Armour
 a - a +0 robe (worn)
 j - a +0 pair of gloves (worn)
 o - a +0 cloak (worn)
 p - a +3 chain mail of poison resistance
 t - a +1 robe of willpower
Jewellery
 h - a ring of see invisible (left hand)
 k - an amulet of guardian spirit
 m - a ring of willpower
 v - a ring of poison resistance
Talismans
 y - a flux talisman
Wands
 u - a wand of flame (10)
Scrolls
 c - 2 scrolls of vulnerability
 e - a scroll of enchant armour {unknown}
 i - a scroll of identify
 l - 2 scrolls of poison
 q - a scroll of blinking {unknown}
 s - a scroll of teleportation {unknown}
 B - a scroll of noise {unknown}
Potions
 d - a potion of might
 f - 2 potions of degeneration
 g - 2 potions of haste
 w - a potion of invisibility {unknown}
 x - a potion of enlightenment
 z - a potion of brilliance {unknown}
 A - a potion of attraction {unknown}


   Skills:
 - Level 3.0 Fighting
 - Level 3.3 Dodging
 - Level 2.0 Stealth
 + Level 4.2 Spellcasting
 - Level 6.3 Conjurations
 - Level 3.1 Hexes
 - Level 6.1 Fire Magic


You had 6 spell levels left.
You knew the following spells:

 Your Spells              Type           Power      Damage    Failure   Level
a - Foxfire               Conj/Fire      96%        2x1d8     1%          1
b - Scorch                Fire           48%        2d7       1%          2
c - Inner Flame           Hex/Fire       19%        N/A       7%          3
d - Volatile Blastmotes   Fire/Tloc      28%        2d12      13%         3

Your spell library contained the following spells:

 Spells                   Type           Power      Damage    Failure   Level
 Magic Dart               Conj           100%       1d8       1%          1
 Searing Ray              Conj           50%        2d6       1%          2
 Flame Wave               Conj/Fire      24%        2d8       12%         4
 Fulminant Prism          Conj/Hex       9%         3d7       22%         4
 Lesser Beckoning         Tloc           6%         N/A       24%         2
 Gell's Gravitas          Tloc           3%         N/A       43%         3
 Teleport Other           Tloc           3%         N/A       43%         3
 Animate Armour           Summ/Erth      6%         N/A       83%         4
 Summon Lightning Spire   Summ/Air       3%         N/A       83%         4
 Lee's Rapid Deconstruct  Erth           1%         3d4*      99%         5


Dungeon Overview and Level Annotations

Branches:
Dungeon (6/15)             Temple (1/1) D:4

Altars:
Ashenzari
Dithmenos
Gozag
Hepliaklqana
Kikubaaqudgha
Makhleb
Nemelex Xobeh
Okawaru
Qazlal
Ru
Trog
Uskayaw
Vehumet
Wu Jian
Xom
Yredelemnul
Zin

Shops:
D:2 =[

Annotations:
D:6 Pikel


Innate Abilities, Weirdness & Mutations

You have a beak for a mouth.
You have claws for feet.
Your magical nature lets you fly swiftly and evasively.


Message History

You are too injured to fight recklessly!
Unknown command.
It was a potion of heal wounds.
You feel much better.
You feel very sick.
Casting: Foxfire (safe; 1% risk of failure)
Confirm with . or Enter, or press ? or * to list all spells.
Okay, then.
You conjure some foxfire!
You feel very sick.
The foxfire hits the gnoll.
The gnoll is lightly wounded.
The foxfire hits the centaur.
The centaur is lightly wounded.
There's no open space to fill with poison.
As you read the scroll labelled LISKED HUMIVU, it crumbles to dust.
It is a scroll of identify.
c - 2 scrolls of vulnerability You feel sick.
The foxfire hits the centaur.
The centaur is moderately wounded.
The centaur shoots an arrow.
The arrow hits you. Magic courses through your body.
You feel sick.
The centaur shoots an arrow.
The arrow hits you!
The centaur shoots an arrow.
The arrow hits you.
* * * LOW HITPOINT WARNING * * *
Casting: Foxfire (safe; 1% risk of failure)
Confirm with . or Enter, or press ? or * to list all spells.
Flames lash the centaur.
The centaur is heavily wounded.
The centaur's fire resistance burns away.
You feel sick.
The centaur shoots an arrow.
The arrow closely misses you.
Pikel, Merchant of Souls comes into view.
He is wielding a +0 whip of flaming and carrying a wand of iceblast.
Casting: Scorch (safe; 1% risk of failure)
Confirm with . or Enter, or press ? or * to list all spells.
Flames lash the centaur.
The centaur is burned terribly!
The centaur is severely wounded.
The sentinel's mark upon you fades away.
You feel sick.
The foxfire hits the centaur but does no damage.
The centaur is severely wounded.
Pikel is poisoned.
The centaur shoots an arrow.
The arrow hits you!
You die...

#..........+........
#§g...gO.c.#......(.
####K###+##.###.##..##
#☼○..## #.###.##..##
##☼g○.# #.g...ggg...
##..c!# #..O........
#.§§○## #.##########
####§### ### # #.☼@§#
? #..☼§# .. ###### ###
####### .......
....... .......
....... #.##.##


You could see Pikel (poisoned), a centaur (combustible) and 2 gnolls.

Vanquished Creatures
  2 black bears
  2 ogres (D:5)
  A phantom (D:4)
  A kobold brigand (D:6)
  A bullfrog (D:5)
  A scorpion (D:5)
  A gnoll sergeant (D:6)
  5 hounds
  A jelly (D:6)
  3 iguanas
  2 orc wizards (D:5)
  13 gnolls
  7 adders
  A white imp (D:5)
  A worm (D:4)
  A dart slug (D:2)
  2 orcs
  7 endoplasms
  6 giant cockroaches
  12 hobgoblins
  3 jackals (D:4)
  2 quokkas (D:1)
  4 ball pythons
  4 bats
  6 frilled lizards
  7 goblins
  11 kobolds
  7 rats
114 creatures vanquished.

Vanquished Creatures (others)
  293 foxfires
293 creatures vanquished.

Grand Total: 407 creatures vanquished

Notes
Turn   | Place    | Note
-------+----------+-------------------------------------------
     0 | D:1      | roflturtle the Tengu Fire Elementalist began the quest for
                  | the Orb.
     0 | D:1      | Reached XP level 1. HP: 10/10 MP: 4/4
   244 | D:1      | Reached XP level 2. HP: 15/15 MP: 0/6
   876 | D:2      | Reached XP level 3. HP: 19/19 MP: 4/7
  1131 | D:2      | Learned a level 2 spell: Scorch
  1188 | D:2      | Found Voqehaweukk's Armour Shop.
  1274 | D:2      | Found Sorugeis's Jewellery Shoppe.
  1428 | D:2      | Reached XP level 4. HP: 24/24 MP: 9/9
  1435 | D:2      | Learned a level 3 spell: Inner Flame
  1735 | D:3      | Found a shadowy altar of Dithmenos.
  2293 | D:3      | Gained mutation: Your magical nature lets you fly swiftly
                  | and evasively. [Tengu growth]
  2293 | D:3      | Reached XP level 5. HP: 28/28 MP: 6/10
  2335 | D:3      | Reached skill level 1 in Hexes
  2872 | D:4      | Found a staircase to the Ecumenical Temple.
  2939 | D:4      | Learned a level 3 spell: Volatile Blastmotes
  3179 | D:4      | Reached XP level 6. HP: 32/32 MP: 6/11
  3714 | D:4      | Reached skill level 1 in Fighting
  4049 | Temple   | Entered the Ecumenical Temple
  4069 | Temple   | Became a worshipper of Vehumet
  4104 | D:5      | Entered Level 5 of the Dungeon
  4190 | D:5      | Reached XP level 7. HP: 40/40 MP: 5/12
  4619 | D:5      | Reached skill level 5 in Fire Magic
  4715 | D:5      | HP: 2/61 [poisoned by a scorpion]
  4920 | D:5      | Found a stormy altar of Qazlal.
  4972 | D:5      | Reached XP level 8. HP: 46/46 MP: 5/13
  5134 | D:5      | Reached skill level 5 in Conjurations
  5720 | D:6      | Noticed Pikel
  5721 | D:6      | Shot with an arrow by a centaur

Illustrated notes

Levels and vault maps discovered:
D:1:      lordsloth_arrival_two_stooges, layout_basic
D:2:      layout_rooms, serial_shops, nicolae_shop_just_a_little_nook, shop,
          chequers_serial_rivers_marsh, grunt_ministairs_3
D:3:      layout_loops_ring, mainiacjoe_overflow_24_doors
D:4:      layout_basic, minmay_temple_entry_ruins, minmay_surrounded
D:5:      nicolae_cairo_tiling_large, layout_loops_ring,
          mainiacjoe_overflow_catwalk
D:6:      layout_gridville, uniq_eustachio, uniq_grinder, uniq_pikel
Temple:   nicolae_temple_bog_church

Skill      XL: |  1  2  3  4  5  6  7  8 |
---------------+-------------------------+-----
Conjurations   | 2 4 6 |  6.3
Spellcasting   | 3 4 |  4.2
Fire Magic     | 4 6 |  6.1
Hexes          | 2 3 |  3.1
Fighting       | 2 3 |  3.0
Dodging        | 3 |  3.3
Stealth        | |  2.0

Action                     |  1- 3 |  4- 6 |  7- 9 || total
---------------------------+-------+-------+-------++-------
  Melee: Unarmed           |     1 |       |       ||     1
         Short sword       |    13 |    27 |     9 ||    49
         Peck              |     4 |     1 |       ||     5
         Kick              |     2 |     7 |     3 ||    12
         Punch             |       |     1 |       ||     1
   Cast: Foxfire           |    59 |    84 |    33 ||   176
         Inner Flame       |       |    15 |    11 ||    26
         Scorch            |       |     1 |    20 ||    21
         Volatile Blastmot |       |       |     1 ||     1
    Use: Potion            |       |       |     8 ||     8
         Scroll            |       |       |     2 ||     2
   Stab: Sleeping          |     5 |       |       ||     5
 Armour: Robe              |     7 |     6 |     2 ||    15
         Skin              |       |       |     2 ||     2
  Dodge: Dodged            |    14 |    10 |    21 ||    45

Table legend: (Time is in decaauts)
 A = Elapsed time spent in this place.
 B = Non-inter-level travel time spent in this place.
 C = Inter-level travel time spent in this place.
 D = Time resting spent in this place.
 E = Time spent auto-exploring this place.
 F = Levels seen in this place.
 G = Mean time per level.
                   A        B        C        D        E       F      G
               +--------+--------+--------+--------+--------+-----+--------+
         Total |   5523 |   5304 |    219 |    132 |   4201 |   7 |  789.0 |
       Dungeon |   5488 |   5303 |    185 |    132 |   4201 |   6 |  914.7 |
        Temple |     35 |      1 |     34 |      0 |      0 |   1 |   35.0 |
               +--------+--------+--------+--------+--------+-----+--------+

Top non-repeatable levels by time:
     D:4: 1334 daAuts
     D:5: 1268 daAuts
     D:3: 919 daAuts
     D:1: 870 daAuts
     D:2: 845 daAuts
     D:6: 249 daAuts
  Temple: 35 daAuts
